TOP OF THE 1ST |
Bismark Border Guards batting - Pitching for Culver City Extras : LHP Phil Paul
|
Pitching: LHP Phil Paul
|
|
Batting: RHB Edward Melton
|
0-0: Swinging Strike 0-1: Foul Ball, location: 2F 0-2: Ball 1-2: Foul Ball, location: 2F 1-2: Strikes out swinging
|
Batting: RHB Mike Wright
|
0-0: Called Strike 0-1: SINGLE (Groundball, 6MD)
|
Batting: RHB Enrico Rodríguez
|
0-0: Swinging Strike 0-1: Foul Ball, location: 2F 0-2: Fly out, F4 (Line Drive, 4)
|
Batting: RHB Alejandro Ramos
|
0-0: Ground out 5-3 (Groundball, 5S)
|
Top of the 1st over - 0 run(s), 1 hit(s), 0 error(s), 1 left on base; Bismark 0 - Culver City 0 |
BOTTOM OF THE 1ST |
Culver City Extras batting - Pitching for Bismark Border Guards : RHP Ben Cobb
|
Pitching: RHP Ben Cobb
|
|
Batting: RHB Walton Smith
|
0-0: Ground out 5-3 (Groundball, 5S)
|
Batting: LHB Nick English
|
0-0: Foul Ball, location: 2F 0-1: Ball 1-1: Called Strike 1-2: Ground out 1-3 (Groundball, 13)
|
Batting: RHB Jesús Hernández
|
0-0: Ball 1-0: Called Strike 1-1: Ground out 5-3 (Groundball, 5)
|
Bottom of the 1st over - 0 run(s), 0 hit(s), 0 error(s), 0 left on base; Bismark 0 - Culver City 0 |
TOP OF THE 2ND |
Bismark Border Guards batting - Pitching for Culver City Extras : LHP Phil Paul
|
Batting: RHB Doug Williams
|
0-0: Swinging Strike 0-1: Foul Ball, location: 2F 0-2: Ball 1-2: Ball 2-2: Foul Ball, location: 2F 2-2: DOUBLE (Flyball, 8LXD)
|
Batting: LHB Rusty Herbert
|
0-0: Ball 1-0: Called Strike 1-1: Ball 2-1: Swinging Strike 2-2: Foul Ball, location: 2F 2-2: SINGLE (Line Drive, 56D) Doug Williams to third
|
Batting: RHB Jorge Montoya
|
0-0: Ball 1-0: Ball 2-0: Ball 3-0: Called Strike 3-1: Base on Balls Rusty Herbert to second
|
Batting: RHB Reynaldo Slomp
|
0-0: Grounds into double play, 4-6-3 (Groundball, 4) Doug Williams scores Rusty Herbert to third
|
Batting: SHB Vicente Pagán
|
0-0: Ball 1-0: Foul Ball, location: 2F 1-1: Fly out, F8 (Flyball, 8LM)
|
Top of the 2nd over - 1 run(s), 2 hit(s), 0 error(s), 1 left on base; Bismark 1 - Culver City 0 |
BOTTOM OF THE 2ND |
Culver City Extras batting - Pitching for Bismark Border Guards : RHP Ben Cobb
|
Batting: LHB Edmund Ross
|
0-0: Ground out 4-3 (Groundball, 4M)
|
Batting: RHB Dave Anderson
|
0-0: Ball 1-0: Ball 2-0: Ball 3-0: Base on Balls
|
Batting: RHB Max Alexander
|
0-0: SINGLE (Line Drive, 56) Dave Anderson to second
|
Batting: LHB Ronaldo Gois
|
0-0: Foul Ball, location: 2F 0-1: Called Strike 0-2: Ball 1-2: Ball 2-2: Strikes out swinging
|
Batting: RHB Jesús Aquino
|
0-0: Swinging Strike 0-1: Ball 1-1: Foul Ball, location: 2F 1-2: Ball 2-2: Ball 3-2: Strikes out looking
|
Bottom of the 2nd over - 0 run(s), 1 hit(s), 0 error(s), 2 left on base; Bismark 1 - Culver City 0 |
TOP OF THE 3RD |
Bismark Border Guards batting - Pitching for Culver City Extras : LHP Phil Paul
|
Batting: RHB Edward Melton
|
0-0: Called Strike 0-1: Called Strike 0-2: Ball 1-2: Ball 2-2: Ball 3-2: Base on Balls
|
Batting: RHB Mike Wright
|
0-0: Ball Edward Melton steals 2nd base 1-0: Swinging Strike 1-1: Ball 2-1: Called Strike 2-2: Foul Ball, location: 2F 2-2: Strikes out swinging
|
Batting: RHB Enrico Rodríguez
|
0-0: Ball 1-0: Ball 2-0: Foul Ball, location: 2F 2-1: Ball 3-1: Called Strike 3-2: Foul Ball, location: 2F 3-2: Base on Balls
|
Batting: RHB Alejandro Ramos
|
0-0: Called Strike Edward Melton steals 3rd base Enrico Rodríguez to second 0-1: Swinging Strike 0-2: Foul Ball, location: 2F 0-2: Ground out 4-3 (Groundball, 34) Edward Melton scores Enrico Rodríguez to third
|
Batting: RHB Doug Williams
|
0-0: Ball 1-0: Ball 2-0: Ball 3-0: Base on Balls
|
Batting: LHB Rusty Herbert
|
0-0: Foul Ball, location: 2F 0-1: Fly out, F5 (Popup, 5)
|
Top of the 3rd over - 1 run(s), 0 hit(s), 0 error(s), 2 left on base; Bismark 2 - Culver City 0 |
BOTTOM OF THE 3RD |
Culver City Extras batting - Pitching for Bismark Border Guards : RHP Ben Cobb
|
Batting: LHB Richard Bell
|
0-0: Ball 1-0: Ball 2-0: Swinging Strike 2-1: SINGLE (Groundball, 13) (infield hit)
|
Batting: RHB Walton Smith
|
0-0: Ball 1-0: Called Strike 1-1: Ball 2-1: Swinging Strike 2-2: Ball 3-2: Foul Ball, location: 2F 3-2: Base on Balls Richard Bell to second
|
Batting: LHB Nick English
|
0-0: Called Strike 0-1: Called Strike 0-2: Ball 1-2: Ground out 4-3 (Groundball, 4M) Richard Bell to third Walton Smith to second
|
Batting: RHB Jesús Hernández
|
0-0: 3-RUN HOME RUN (Line Drive, 78XD), Distance : 402 ft
|
Batting: LHB Edmund Ross
|
0-0: Ball 1-0: Swinging Strike 1-1: Ball 2-1: Fly out, F7 (Flyball, 7S)
|
Batting: RHB Dave Anderson
|
0-0: Ball 1-0: Swinging Strike 1-1: Ball 2-1: Hit by Pitch
|
Batting: RHB Max Alexander
|
0-0: Ball 1-0: Swinging Strike 1-1: Ball 2-1: Swinging Strike 2-2: Ground out 6-3 (Groundball, 6)
|
Bottom of the 3rd over - 3 run(s), 2 hit(s), 0 error(s), 1 left on base; Bismark 2 - Culver City 3 |
TOP OF THE 4TH |
Bismark Border Guards batting - Pitching for Culver City Extras : LHP Phil Paul
|
Batting: RHB Jorge Montoya
|
0-0: Called Strike 0-1: Fly out, F8 (Flyball, 8LM)
|
Batting: RHB Reynaldo Slomp
|
0-0: Ball 1-0: Ball 2-0: Foul Ball, location: 2F 2-1: Foul Ball, location: 2F 2-2: Ball 3-2: Base on Balls
|
Batting: SHB Vicente Pagán
|
0-0: Called Strike 0-1: Ball 1-1: Foul Ball, location: 2F 1-2: Ball 2-2: SINGLE (Line Drive, 6MD) Reynaldo Slomp to second
|
Batting: RHB Edward Melton
|
0-0: Ball 1-0: Ball 2-0: Ball 3-0: Base on Balls Reynaldo Slomp to third Vicente Pagán to second
|
Batting: RHB Mike Wright
|
0-0: Called Strike 0-1: SINGLE (Groundball, 6M) Reynaldo Slomp scores Vicente Pagán to third Edward Melton to second Runner from 3rd tries for Home, SAFE, no throw or cutoff
|
Batting: RHB Enrico Rodríguez
|
0-0: Ball 1-0: Ball 2-0: Swinging Strike 2-1: Grounds into double play, 6-4-3 (Groundball, 6)
|
Top of the 4th over - 2 run(s), 2 hit(s), 0 error(s), 1 left on base; Bismark 4 - Culver City 3 |
BOTTOM OF THE 4TH |
Culver City Extras batting - Pitching for Bismark Border Guards : RHP Ben Cobb
|
Batting: LHB Ronaldo Gois
|
0-0: Ball 1-0: Ground out 4-3 (Groundball, 34)
|
Batting: RHB Jesús Aquino
|
0-0: Called Strike 0-1: Ball 1-1: Swinging Strike 1-2: Ball 2-2: Strikes out swinging
|
Batting: LHB Richard Bell
|
0-0: Ball 1-0: Ground out 4-3 (Groundball, 4)
|
Bottom of the 4th over - 0 run(s), 0 hit(s), 0 error(s), 0 left on base; Bismark 4 - Culver City 3 |
TOP OF THE 5TH |
Bismark Border Guards batting - Pitching for Culver City Extras : LHP Phil Paul
|
Batting: RHB Alejandro Ramos
|
0-0: Foul Ball, location: 2F 0-1: Foul Ball, location: 2F 0-2: Ball 1-2: Foul Ball, location: 2F 1-2: Strikes out swinging
|
Batting: RHB Doug Williams
|
0-0: Called Strike 0-1: Foul Ball, location: 2F 0-2: Fly out, F6 (Popup, 6MD)
|
Batting: LHB Rusty Herbert
|
0-0: Ball 1-0: Ball 2-0: Ball 3-0: Base on Balls
|
Pitching: RHP José González
|
|
Batting: RHB Jorge Montoya
|
0-0: Ball 1-0: Foul Ball, location: 2F 1-1: Ball 2-1: Foul Ball, location: 2F 2-2: 2-RUN HOME RUN (Flyball, 7D), Distance : 368 ft
|
Batting: RHB Reynaldo Slomp
|
0-0: Ball 1-0: Swinging Strike 1-1: Foul Ball, location: 2F 1-2: Ball 2-2: Foul Ball, location: 2F 2-2: Ball 3-2: Base on Balls
|
Batting: SHB Vicente Pagán
|
0-0: Ball 1-0: Ball 2-0: Ball 3-0: Called Strike 3-1: Foul Ball, location: 2F 3-2: Foul Ball, location: 2F 3-2: Ground out 4-3 (Groundball, 4)
|
Top of the 5th over - 2 run(s), 1 hit(s), 0 error(s), 1 left on base; Bismark 6 - Culver City 3 |
BOTTOM OF THE 5TH |
Culver City Extras batting - Pitching for Bismark Border Guards : RHP Ben Cobb
|
Batting: RHB Walton Smith
|
0-0: Foul Ball, location: 2F 0-1: Hit by Pitch
|
Batting: LHB Nick English
|
0-0: Ball 1-0: Ball 2-0: Called Strike 2-1: Called Strike 2-2: Ball 3-2: SINGLE (Groundball, 34D) Walton Smith to second Runner from 2nd tries for 3rd, SAFE, throw made to third
|
Batting: RHB Jesús Hernández
|
0-0: Ball 1-0: SINGLE (Groundball, 5D) Walton Smith scores Nick English to second
|
Batting: LHB Edmund Ross
|
0-0: Foul Ball, location: 2F 0-1: Called Strike 0-2: DOUBLE (Flyball, 8RXD) Nick English scores Jesús Hernández to third Runner from 3rd tries for Home, SAFE, no throw or cutoff
|
Pitching: RHP Steve Benson
|
|
Batting: RHB Dave Anderson
|
0-0: Ball 1-0: Fly out, F9 (Flyball, 89M)
|
Batting: RHB Max Alexander
|
0-0: Intentional Walk
|
Batting: LHB Ronaldo Gois
|
0-0: Ball 1-0: Called Strike 1-1: Ball 2-1: Ball 3-1: Fielders Choice at 2nd, 1-6 (Groundball, 15S) Edmund Ross to third
|
Batting: RHB Jesús Aquino
|
0-0: Ball 1-0: Fly out, F9 (Flyball, 9LS)
|
Bottom of the 5th over - 3 run(s), 3 hit(s), 0 error(s), 2 left on base; Bismark 6 - Culver City 6 |
TOP OF THE 6TH |
Bismark Border Guards batting - Pitching for Culver City Extras : RHP José González
|
Batting: RHB Edward Melton
|
0-0: Ball 1-0: Ball 2-0: Called Strike 2-1: Swinging Strike 2-2: Ball 3-2: Strikes out swinging
|
Batting: RHB Mike Wright
|
0-0: Ball 1-0: Ground out 6-3 (Groundball, 6M)
|
Batting: RHB Enrico Rodríguez
|
0-0: Called Strike 0-1: Foul Ball, location: 2F 0-2: Foul Ball, location: 2F 0-2: Foul Ball, location: 2F 0-2: Strikes out swinging
|
Top of the 6th over - 0 run(s), 0 hit(s), 0 error(s), 0 left on base; Bismark 6 - Culver City 6 |
BOTTOM OF THE 6TH |
Culver City Extras batting - Pitching for Bismark Border Guards : RHP Steve Benson
|
Batting: LHB Richard Bell
|
0-0: Foul Ball, location: 2F 0-1: Called Strike 0-2: Ball 1-2: Strikes out swinging
|
Batting: RHB Walton Smith
|
0-0: Ball 1-0: Swinging Strike 1-1: Swinging Strike 1-2: Fly out, F7 (Flyball, 78D)
|
Batting: LHB Nick English
|
0-0: Called Strike 0-1: Ball 1-1: Swinging Strike 1-2: Ball 2-2: Ball 3-2: Strikes out swinging
|
Bottom of the 6th over - 0 run(s), 0 hit(s), 0 error(s), 0 left on base; Bismark 6 - Culver City 6 |
TOP OF THE 7TH |
Bismark Border Guards batting - Pitching for Culver City Extras : RHP José González
|
Batting: RHB Alejandro Ramos
|
0-0: Called Strike 0-1: Swinging Strike 0-2: Fly out, F9 (Line Drive, 89M)
|
Batting: RHB Doug Williams
|
0-0: Ball 1-0: Ball 2-0: Ball 3-0: Called Strike 3-1: Base on Balls
|
Batting: LHB Rusty Herbert
|
0-0: Called Strike 0-1: Foul Ball, location: 2F 0-2: Ball 1-2: Ball 2-2: Foul Ball, location: 2F 2-2: Foul Ball, location: 2F 2-2: Strikes out swinging
|
Batting: RHB Jorge Montoya
|
0-0: Ball Doug Williams steals 2nd base 1-0: 2-RUN HOME RUN (Flyball, 7LD), Distance : 317 ft
|
Pitching: RHP Von Hicks
|
|
Batting: RHB Reynaldo Slomp
|
0-0: Ball 1-0: Ball 2-0: SINGLE (Groundball, 5D) (infield hit)
|
Batting: SHB Vicente Pagán
|
0-0: Ball 1-0: TRIPLE (Flyball, 89M) Reynaldo Slomp scores
|
Batting: RHB Edward Melton
|
0-0: Foul Ball, location: 2F 0-1: Ball 1-1: Ball 2-1: Called Strike 2-2: Strikes out swinging
|
Top of the 7th over - 3 run(s), 3 hit(s), 0 error(s), 1 left on base; Bismark 9 - Culver City 6 |
BOTTOM OF THE 7TH |
Culver City Extras batting - Pitching for Bismark Border Guards : RHP Steve Benson
|
Pitching: RHP Bartolo Rivera
|
|
Batting: RHB Jesús Hernández
|
0-0: Ball 1-0: Ball 2-0: Foul Ball, location: 2F 2-1: Ground out 6-3 (Groundball, 6)
|
Batting: LHB Edmund Ross
|
0-0: Called Strike 0-1: Swinging Strike 0-2: Strikes out swinging
|
Batting: RHB Dave Anderson
|
0-0: Ball 1-0: DOUBLE (Flyball, 89D)
|
Batting: RHB Max Alexander
|
0-0: Ball 1-0: Foul Ball, location: 2F 1-1: SINGLE (Line Drive, 56D) Dave Anderson to third Runner from 3rd tries for Home, throw and OUT!
|
Bottom of the 7th over - 0 run(s), 2 hit(s), 0 error(s), 1 left on base; Bismark 9 - Culver City 6 |
TOP OF THE 8TH |
Bismark Border Guards batting - Pitching for Culver City Extras : RHP Von Hicks
|
Batting: RHB Mike Wright
|
0-0: Foul Ball, location: 2F 0-1: Foul Ball, location: 2F 0-2: Strikes out looking
|
Batting: RHB Enrico Rodríguez
|
0-0: Ball 1-0: Called Strike 1-1: Ball 2-1: Foul Ball, location: 2F 2-2: SOLO HOME RUN (Flyball, 7LD), Distance : 312 ft
|
Batting: RHB Alejandro Ramos
|
0-0: Called Strike 0-1: SINGLE (Groundball, 6D)
|
Batting: RHB Doug Williams
|
0-0: Ball 1-0: Called Strike 1-1: Ball 2-1: Ball 3-1: Fielders Choice at 2nd, 5-4 (Groundball, 56)
|
Batting: LHB Rusty Herbert
|
0-0: Called Strike 0-1: Ground out 5-3 (Groundball, 56S)
|
Top of the 8th over - 1 run(s), 2 hit(s), 0 error(s), 1 left on base; Bismark 10 - Culver City 6 |
BOTTOM OF THE 8TH |
Culver City Extras batting - Pitching for Bismark Border Guards : RHP Bartolo Rivera
|
Batting: LHB Ronaldo Gois
|
0-0: Ball 1-0: Foul Ball, location: 2F 1-1: Ground out 1-3 (Groundball, 15S)
|
Batting: RHB Jesús Aquino
|
0-0: Ball 1-0: Ball 2-0: Called Strike 2-1: Ball 3-1: Called Strike 3-2: Base on Balls
|
Batting: LHB Richard Bell
|
0-0: Ball 1-0: Swinging Strike 1-1: Ball 2-1: Foul Ball, location: 2F 2-2: Foul Ball, location: 2F 2-2: Ball 3-2: Foul Ball, location: 2F Balk! Jesús Aquino to second 3-2: Base on Balls
|
Pitching: RHP Ramón Fonseca
|
|
Batting: RHB Walton Smith
|
0-0: Ball 1-0: Swinging Strike 1-1: Called Strike 1-2: Fly out, F9 (Flyball, 89M)
|
Batting: LHB Nick English
|
0-0: SINGLE (Line Drive, 4MD) Jesús Aquino to third Richard Bell to second Runner from 3rd tries for Home, SAFE, no throw or cutoff
|
Batting: RHB Jesús Hernández
|
0-0: Called Strike 0-1: Foul Ball, location: 2F 0-2: Ground out 6-3 (Groundball, 56)
|
Bottom of the 8th over - 1 run(s), 1 hit(s), 0 error(s), 2 left on base; Bismark 10 - Culver City 7 |
TOP OF THE 9TH |
Bismark Border Guards batting - Pitching for Culver City Extras : RHP Von Hicks
|
Batting: RHB Jorge Montoya
|
0-0: Ball 1-0: Ball 2-0: Ball 3-0: Base on Balls
|
Batting: RHB Reynaldo Slomp
|
0-0: Bunted foul 0-1: Sac Bunt - play at second, runner OUT! 1-6
|
Batting: SHB Vicente Pagán
|
0-0: Ball 1-0: Ball 2-0: Ball 3-0: Called Strike 3-1: Base on Balls Reynaldo Slomp to second
|
Pitching: RHP Pedro Días
|
|
Batting: RHB Edward Melton
|
0-0: Swinging Strike 0-1: Fly out, F7 (Flyball, 78D)
|
Batting: RHB Mike Wright
|
0-0: Called Strike 0-1: Ball 1-1: Swinging Strike 1-2: SINGLE (Line Drive, 56) Reynaldo Slomp to third Vicente Pagán to second Runner from 3rd tries for Home, throw and OUT!
|
Top of the 9th over - 0 run(s), 1 hit(s), 0 error(s), 2 left on base; Bismark 10 - Culver City 7 |
BOTTOM OF THE 9TH |
Culver City Extras batting - Pitching for Bismark Border Guards : RHP Ramón Fonseca
|
Pitching: RHP Beau Murphy
|
|
Batting: LHB Edmund Ross
|
0-0: Called Strike 0-1: Ball 1-1: Foul Ball, location: 2F 1-2: Ball 2-2: Ball 3-2: Foul Ball, location: 2F 3-2: DOUBLE (Flyball, 9LS)
|
Batting: RHB Dave Anderson
|
0-0: Ball 1-0: Foul Ball, location: 2F 1-1: Ground out 6-3 (Groundball, 6S) Edmund Ross to third
|
Batting: RHB Max Alexander
|
0-0: SINGLE (Groundball, 6MD) Edmund Ross scores
|
Pinch Hitting: RHB Tony Cruz
|
0-0: Called Strike 0-1: Called Strike 0-2: Foul Ball, location: 2F 0-2: Ball 1-2: Strikes out swinging
|
Pinch Hitting: LHB Benny Richard
|
0-0: Ball 1-0: 2-RUN HOME RUN (Flyball, 9D), Distance : 396 ft
|
Pitching: RHP Edward Hastings
|
|
Batting: LHB Richard Bell
|
0-0: Called Strike 0-1: Ball 1-1: SOLO HOME RUN (Flyball, 78XD), Distance : 418 ft
|
Monday, December 5th, 2016 - OOTP Baseball 17.12 Build 75
|
|